 Dungeon Crawl Stone Soup version 0.27-a0-412-g8dd771eca2 (console) character file.

Game seed: 14857172447738977556

33 Garrluk the Grasshopper (level 3, 0/31 HPs)
             Began as a Gnoll Warper on Feb 24, 2021.
             Slain by a gnoll (7 damage)
             ... on level 2 of the Dungeon.
             The game lasted 00:03:29 (496 turns).

Garrluk the Grasshopper (Gnoll Warper)               Turns: 496, Time: 00:03:30

Health: 0/31       AC:  5    Str: 10    XL:     3   Next: 29%
Magic:  8/9        EV: 11    Int: 13    God:
Gold:   41         SH:  0    Dex: 11    Spells: 10/12 levels left

rFire    . . .     SeeInvis .   a - +0 hand axe
rCold    . . .     Faith    .   (no shield)
rNeg     . . .     Spirit   .   h - +0 ring mail
rPois    .         Reflect  .   (no helmet)
rElec    .         Harm     .   (no cloak)
rCorr    .         Rampage  .   (no gloves)
Will     .....                  (no boots)
Stlth    +.........             (no amulet)
HPRegen  0.10/turn              (no ring)
MPRegen  0.11/turn              (no ring)

@: no status effects
A: distributed training, fangs 1, strong nose
a: no special abilities


You were on level 2 of the Dungeon.
You visited 1 branch of the dungeon, and saw 2 of its levels.

You collected 41 gold pieces.

Notes
Turn   | Place    | Note
-------+----------+-------------------------------------------
     0 | D:1      | Garrluk the Gnoll Warper began the quest for the Orb.
     0 | D:1      | Reached XP level 1. HP: 20/20 MP: 6/6
   119 | D:1      | Reached XP level 2. HP: 26/26 MP: 7/7
   384 | D:1      | Learned a level 2 spell: Blink
   449 | D:2      | Found a blossoming altar of Fedhas.
   480 | D:2      | Reached skill level 5 in Spellcasting
   480 | D:2      | Reached XP level 3. HP: 13/31 MP: 7/9
   496 | D:2      | Slain by a gnoll

Inventory:

Hand Weapons
 a - a +0 hand axe (weapon)
 b - a +0 hunting sling
   (You found it on level 1 of the Dungeon)
Missiles
 e - 5 boomerangs of dispersal
 f - 9 bolts
 g - 37 arrows
 i - 41 stones (quivered)
Armour
 h - a +0 ring mail (worn)
   (You found it on level 1 of the Dungeon)
 k - a +0 leather armour
Scrolls
 d - 2 scrolls of blinking
 j - a scroll of teleportation {unknown}
Potions
 c - 2 potions of might {unknown}
 l - a potion of curing {unknown}

Table legend: (Time is in decaauts)
 A = Elapsed time spent in this place.
 B = Non-inter-level travel time spent in this place.
 C = Inter-level travel time spent in this place.
 D = Time resting spent in this place.
 E = Time spent auto-exploring this place.
 F = Levels seen in this place.
 G = Mean time per level.
                   A        B        C        D        E       F      G
               +--------+--------+--------+--------+--------+-----+--------+
         Total |    499 |    485 |     14 |      0 |      0 |   2 |  249.5 |
       Dungeon |    499 |    485 |     14 |      0 |      0 |   2 |  249.5 |
               +--------+--------+--------+--------+--------+-----+--------+

Top non-repeatable levels by time:
     D:1: 432 daAuts
     D:2: 67 daAuts


   Skills:
 + Level 4.5 Fighting
 + Level 0.7 Short Blades
 + Level 0.7 Long Blades
 + Level 4.5 Axes
 + Level 0.7 Maces & Flails
 + Level 0.7 Polearms
 + Level 0.7 Staves
 + Level 0.7 Slings
 + Level 0.7 Bows
 + Level 0.7 Crossbows
 + Level 2.6 Throwing
 + Level 2.6 Armour
 + Level 4.5 Dodging
 + Level 0.7 Stealth
 + Level 0.7 Shields
 + Level 0.7 Unarmed Combat
 + Level 5.0 Spellcasting
 + Level 0.5 Conjurations
 + Level 0.5 Hexes
 + Level 0.5 Summonings
 + Level 0.5 Necromancy
 + Level 5.4 Translocations
 + Level 0.5 Transmutations
 + Level 0.5 Fire Magic
 + Level 0.5 Ice Magic
 + Level 0.5 Air Magic
 + Level 0.5 Earth Magic
 + Level 0.5 Poison Magic
 + Level 0.9 Invocations
 + Level 0.7 Evocations


You had 10 spell levels left.
You knew the following spells:

 Your Spells              Type           Power        Failure   Level
b - Blink                 Tloc           N/A          8%          2

Your spell library contained the following spells:

 Spells                   Type           Power        Failure   Level
 Gell's Gravitas          Tloc           8%           14%         3
 Lesser Beckoning         Tloc           8%           14%         3
 Teleport Other           Tloc           17%          14%         3
 Manifold Assault         Tloc           17%          43%         4


Dungeon Overview and Level Annotations

Branches:
Dungeon (2/15)

Altars:
Fedhas


Innate Abilities, Weirdness & Mutations

Your experience applies equally to all skills.
You have very sharp teeth.
Your uncanny sense of smell can sniff out nearby items.


Message History

Your Spellcasting skill increases to level 5!
You have reached level 3!
Your experience leads to an increase in your attributes!
Increase (S)trength, (I)ntelligence, or (D)exterity?
You feel clever.
You hit the jackal.
The jackal is heavily wounded.
The jackal closely misses you. x2
The jackal bites you but does no damage.
You closely miss the jackal.
The jackal is heavily wounded.
The jackal bites you but does no damage. x2
You barely miss the jackal.
The jackal is heavily wounded.
The jackal bites you but does no damage.
You hit the jackal but do no damage.
The jackal is heavily wounded.
The jackal misses you.
You closely miss the jackal. You bite the jackal, but do no damage.
The jackal is heavily wounded.
The jackal misses you. x2
You completely miss the jackal.
The jackal is heavily wounded.
The jackal bites you. The jackal closely misses you.
You hit the jackal.
The jackal is severely wounded.
The jackal completely misses you.
You slash the jackal!
You kill the jackal!
You hit the gnoll.
The gnoll is heavily wounded.
The gnoll closely misses you.
You hit the gnoll.
The gnoll is severely wounded.
The gnoll hits you.
* * * LOW HITPOINT WARNING * * *
You hit the gnoll but do no damage. You bite the gnoll, but do no damage.
The gnoll is severely wounded.
The gnoll hits you!
You die...

.. . #h. # ##.#. #.#
# ...# #.# # ##..#
#(# # #...#####)# #
#......##h## #
#PP.PP..#.h# #
#PP_..#.##g#
#########..PPP..##.#
...........PP...##g#
###############.@g.#
######


You could see a gnoll and a goblin.

Table legend:
 A = Kills in this place as a percentage of kills in entire the game.
 B = Kills by you in this place as a percentage of kills by you in the entire game.
 C = Kills by friends in this place as a percentage of kills by friends in the entire game.
 D = Other kills in this place as a percentage of other kills in the entire game.
 E = Experience gained in this place as a percentage of experience gained in the entire game.
 F = Experience gained in this place divided by the number of levels of this place that you have seen.
                   A       B       C       D       E      F
               +-------+-------+-------+-------+-------+----------------------
         Total | 100.0 | 100.0 |   N/A |   N/A | 100.0 |  24.0
       Dungeon | 100.0 | 100.0 |   N/A |   N/A | 100.0 |  24.0
               +-------+-------+-------+-------+-------+----------------------

Vanquished Creatures
  Monster Symbol All 'B'
  3 giant cockroaches (D:1)
3 creatures vanquished. All 'J' An ooze (D:1)
1 creature vanquished. All 'K' 4 kobolds (D:1)
4 creatures vanquished. All 'b' 2 bats (D:1)
2 creatures vanquished. All 'g' A gnoll (D:2) A goblin (D:1) 2 hobgoblins (D:1)
4 creatures vanquished. All 'h' 2 jackals (D:2)
2 creatures vanquished. All 'l' A frilled lizard (D:1)
1 creature vanquished.
17 creatures vanquished. Monster Nature Natural Monsters A gnoll (D:2) An ooze (D:1) 3 giant cockroaches (D:1) A goblin (D:1) 2 hobgoblins (D:1) 2 jackals (D:2) 4 kobolds (D:1) 2 bats (D:1) A frilled lizard (D:1)
17 creatures vanquished.
17 creatures vanquished. Ascending Order A gnoll (D:2) An ooze (D:1) A goblin (D:1) A frilled lizard (D:1) 2 hobgoblins (D:1) 2 jackals (D:2) 2 bats (D:1) 3 giant cockroaches (D:1) 4 kobolds (D:1)
17 creatures vanquished.

Action                   || total
-------------------------++-------
Melee: Hand axe          ||    70
       Bite              ||     8
       Punch             ||     1
 Fire: Hunting sling     ||     5
Throw: Stone             ||     4
Armor: Leather armour    ||     1
       Ring mail         ||    21
Dodge: Dodged            ||    37
